 Dungeon Crawl Stone Soup version 0.28.0-45-g0d030f2227 (webtiles) character file.

Game seed: 15187995962425127243

79 protoss039 the Digger (level 4, -1/27 HPs)
             Began as a Gargoyle Earth Elementalist on May 10, 2022.
             Shot with an arrow by a centaur (4 damage)
             ... on level 5 of the Dungeon.
             The game lasted 00:02:24 (2377 turns).

protoss039 the Digger (Gargoyle Earth Elementalist) Turns: 2377, Time: 00:02:24

Health: -1/27      AC:  8    Str: 12    XL:     4   Next: 38%
Magic:  2/7        EV: 10    Int: 17    God:
Gold:   89         SH:  0    Dex: 10    Spells: 2/8 levels left

rFire   . . .      SeeInvis .   f - +1 whip (venom)
rCold   . . .      Faith    .   (no shield)
rNeg    + . .      Spirit   .   e - +0 ring mail
rPois   ∞          Reflect  .   (no helmet)
rElec   +          Harm     .   (no cloak)
rCorr   .          Rampage  .   (no gloves)
Will    .....                   (no boots)
Stlth   +.........              (no amulet)
HPRegen 0.09/turn               (no ring)
MPRegen 0.10/turn               (no ring)

@: very slightly contaminated
A: sickness immunity, AC +3, negative energy resistance 1, electricity
resistance, torment resistance 1, petrification resistance
a: no special abilities


You were on level 5 of the Dungeon.
You visited 1 branch of the dungeon, and saw 4 of its levels.

You collected 89 gold pieces.

Inventory:

Hand Weapons
 f - a +1 whip of venom (weapon)
Missiles
 c - 89 stones
Armour
 b - a +0 robe
 e - a +0 ring mail (worn)
Wands
 k - a wand of iceblast (9)
Scrolls
 a - a scroll of blinking {unknown}
 d - 3 scrolls of immolation {unknown}
 h - a scroll of silence {unknown}
 i - 5 scrolls of identify {unknown}
Potions
 g - a potion of degeneration {unknown}
 j - a potion of flight {unknown}


   Skills:
 * Level 2.5 Fighting
 + Level 1.5 Armour
 - Level 1.5 Dodging
 - Level 2.1 Stealth
 + Level 2.5 Spellcasting
 - Level 1.0 Transmutations
 + Level 4.2 Earth Magic


You had 2 spell levels left.
You knew the following spells:

 Your Spells              Type           Power      Damage    Failure   Level
a - Sandblast             Erth           32%        2d9       7%          1
b - Passwall              Tmut/Erth      8%         N/A       22%         2
c - Stone Arrow           Conj/Erth      18%        3d8       45%         3

Your spell library contained the following spells:

 Spells                   Type           Power      Damage    Failure   Level
 Slow                     Hex            8%         N/A       38%         1
 Confusing Touch          Hex            2%         N/A       77%         3
 Vampiric Draining        Necr           2%         2d6       77%         3
 Petrify                  Tmut/Erth      10%        N/A       80%         4


Dungeon Overview and Level Annotations

Branches:
Dungeon (3/15)

Altars:


Innate Abilities, Weirdness & Mutations

You are immune to sickness and miasma.
Your stone body is resilient. (AC +3)
You are immune to poison.
You resist negative energy. (rN+)
You are resistant to electric shocks. (rElec)
You are resistant to unholy torment.
You are immune to petrification.


Message History

Aiming: Sandblast (safe; 7% risk of failure)
Press: ? - help, Shift-Dir - straight line, f - you
Okay, then.
Casting: Sandblast (safe; 7% risk of failure)
Confirm with . or Enter, or press ? or * to list all spells.
The spell is extremely dangerous to miscast (45% risk of failure)!
Continue anyway?
Aiming: Stone Arrow (extremely dangerous; 45% risk of failure)
Press: ? - help, Shift-Dir - straight line, f - centaur
Aim: a centaur, wielding a +0 shortbow and quivering arrows (78% to hit)
You miscast Stone Arrow.
You are very lightly contaminated with residual magic.
Nothing appears to happen.
The centaur shoots an arrow.
The arrow closely misses you.
The centaur shoots an arrow.
The arrow completely misses you.
Casting: Stone Arrow (extremely dangerous; 45% risk of failure)
Confirm with . or Enter, or press ? or * to list all spells.
Aiming: Sandblast (safe; 7% risk of failure)
Press: ? - help, Shift-Dir - straight line, f - you, p - centaur
Okay, then.
The centaur shoots an arrow.
The arrow hits you.
* * * LOW HITPOINT WARNING * * *
Casting: Sandblast (safe; 7% risk of failure)
Confirm with . or Enter, or press ? or * to list all spells.
Aiming: Sandblast (safe; 7% risk of failure)
Press: ? - help, Shift-Dir - straight line, f/p - centaur
Aim: a centaur, wielding a +0 shortbow and quivering arrows (87% to hit)
The blast of sand hits the centaur.
The centaur is lightly wounded.
The centaur shoots an arrow.
The arrow hits you but does no damage.
The centaur shoots an arrow.
The arrow hits you.
* * * LOW HITPOINT WARNING * * *
Unknown command.
Casting: Sandblast (safe; 7% risk of failure)
Confirm with . or Enter, or press ? or * to list all spells.
Aiming: Sandblast (safe; 7% risk of failure)
Press: ? - help, Shift-Dir - straight line, f/p - centaur
Aim: a centaur, wielding a +0 shortbow and quivering arrows (lightly wounded, 87% to hit)
The blast of sand misses the centaur.
The centaur shoots an arrow.
The arrow hits you.
You die...

.........)......#
#######...######.##
#####..............#.#
#..............###...#
###+###.#######..#
#####
#................##
#.......#######...#
#.......# #...###
#.......# #.@...#
........# #.....#.#
##......# #c....#.#
#......# #....>. #
#......# #...####
#......# #... #......#
#... ######## #...


You could see a centaur.

Vanquished Creatures
  3 adders
  4 worms
  2 dart slugs
  2 orcs
  7 endoplasms
  3 giant cockroaches
  2 goblins
  A hobgoblin (D:1)
  4 kobolds
  3 ball pythons
  2 bats
  2 frilled lizards (D:2)
35 creatures vanquished.

Notes
Turn   | Place    | Note
-------+----------+-------------------------------------------
     0 | D:1      | protoss039 the Gargoyle Earth Elementalist began the quest
                  | for the Orb.
     0 | D:1      | Reached XP level 1. HP: 10/10 MP: 3/3
   157 | D:1      | Reached skill level 1 in Transmutations
   335 | D:1      | Reached XP level 2. HP: 12/16 MP: 1/5
   428 | D:1      | Reached skill level 1 in Fighting
  1105 | D:2      | Reached skill level 1 in Armour
  1105 | D:2      | Reached XP level 3. HP: 21/21 MP: 6/6
  1110 | D:2      | Found a faded altar of an unknown god.
  1195 | D:2      | Reached skill level 4 in Earth Magic
  1854 | D:2      | Learned a level 2 spell: Passwall
  1858 | D:2      | Learned a level 3 spell: Stone Arrow
  2141 | D:3      | Reached XP level 4. HP: 26/26 MP: 7/7
  2298 | D:3      | You fall into a shaft and drop 2 floors!
  2298 | D:5      | Entered Level 5 of the Dungeon
  2371 | D:5      | Noticed a centaur
  2377 | D:5      | Shot with an arrow by a centaur

Illustrated notes

Levels and vault maps discovered:
D:1:      shiori_shiawase, layout_rooms, chequers_garden
D:2:      layout_loops_ring, hellmonk_ecumenical_altar_arch_garden,
          lemuel_flame_loot_1
D:3:      layout_basic, minmay_misc_feat_columns,
          minmay_fractal_squares_diagonal_5
D:5:      layout_basic, grunt_ashenzari_visionary
          [grunt_ashenzari_visionary_swamp, grunt_ashenzari_visionary_spider],
          nemelex_dance_club_becter, uniq_pikel

Skill      XL: |  1  2  3 |
---------------+----------+-----
Transmutations | 1 |  1.0
Fighting       | 1 2 |  2.5
Armour         | 1 |  1.5
Earth Magic    | 4 |  4.2
Dodging        | |  1.5
Stealth        | |  2.1
Spellcasting   | |  2.5

Action                   |  1- 3 |  4- 6 || total
-------------------------+-------+-------++-------
Melee: Dagger            |    19 |       ||    19
       Unarmed           |     6 |       ||     6
       Whip              |    56 |    23 ||    79
       Punch             |     3 |       ||     3
 Cast: Sandblast         |     9 |     2 ||    11
 Stab: Sleeping          |     1 |       ||     1
Armor: Robe              |     6 |       ||     6
       Ring mail         |    20 |    11 ||    31
Dodge: Dodged            |    48 |    15 ||    63
